 Dungeon Crawl Stone Soup version 0.17.1-1-g73c8601 (webtiles) character file.

12150 HolyRage the Cleaver (level 11, -2/108 HPs)
             Began as a Deep Dwarf Fighter on Dec 27, 2015.
             Was a High Priest of Makhleb.
             Slain by a nine-headed hydra (8 damage)
             ... on level 1 of the Lair of Beasts.
             The game lasted 01:04:30 (10069 turns).

HolyRage the Cleaver (Deep Dwarf Fighter)          Turns: 10069, Time: 01:04:30

Health: -2/108     AC: 19    Str: 21    XL:     11   Next: 58%
Magic:  18/18      EV: -1    Int: 10    God:    Makhleb [*****.]
Gold:   780        SH: 10    Dex: 12    Spells: 0 memorised, 10 levels left

rFire  + . .     SeeInvis +     b - +1 morningstar
rCold  + . .     Clarity  +     D - +0 plate armour
rNeg   . . .     SustAt   .     c - +1 shield
rPois  .         Gourm    .     h - +0 helmet
rElec  .         Spirit   .     G - +0 cloak
rCorr  .         Warding  .     n - +0 pair of gloves
rMut   .         Stasis   .     (no boots)
MR     ++...                    L - amulet of clarity
Stlth  ..........               B - ring "Wix Osm" {rF+ rC+ MR+ MP+9 Str-3 SInv}
                                y - +2 ring of strength

@: very slightly contaminated, non-regenerating, very resistant to hostile
enchantments, extremely unstealthy
A: damage resistance, recharge devices, sense surroundings 2, slow regeneration
3
a: Device Recharging, Minor Destruction, Lesser Servant of Makhleb, Major
Destruction, Greater Servant of Makhleb, Renounce Religion


You were on level 1 of the Lair of Beasts.
You worshipped Makhleb.
Makhleb was extremely pleased with you.
You were hungry.

You visited 3 branches of the dungeon, and saw 12 of its levels.

You collected 780 gold pieces.

Inventory:

Hand Weapons
 a - a +1 war axe
 b - a +1 morningstar (weapon)
 x - the +4 battleaxe of Peril {drain, rPois}
   (You found it on level 4 of the Dungeon)

   A truly terrible weapon, it drains the life of those it strikes.
   It protects you from poison.
 K - a +1 vampiric whip
Missiles
 s - 13 sling bullets of flame (quivered)
Armour
 c - a +1 shield (worn)
 h - a +0 helmet (worn)
 n - a +0 pair of gloves (worn)
 D - a +0 plate armour (worn)
 G - a +0 cloak (worn)
Jewellery
 i - an uncursed amulet of resist corrosion
 p - an uncursed ring of sustain attributes
 w - an uncursed amulet of warding
 y - a +2 ring of strength (left hand)
 B - the ring "Wix Osm" (right hand) {rF+ rC+ MR+ MP+9 Str-3 SInv}
   (You found it on level 5 of the Dungeon)

   [ring of magical power]

   It affects your strength (-3).
   It protects you from fire.
   It protects you from cold.
   It affects your resistance to hostile enchantments.
   It affects your magic capacity (+9).
   It lets you see invisible.
 H - an uncursed ring of protection from magic
 I - an uncursed amulet of stasis
 L - an amulet of clarity (around neck)
Wands
 e - a wand of heal wounds (2)
 A - a wand of heal wounds (5)
 M - a wand of slowing (28)
Scrolls
 d - 3 scrolls of enchant weapon
 g - 9 scrolls of remove curse
 o - 4 scrolls of immolation
 C - 4 scrolls of teleportation
 E - a scroll of blinking
Potions
 l - a potion of cancellation
 r - 7 potions of curing
 t - 3 potions of might
 u - 2 potions of brilliance
 v - 2 potions of haste
 z - a potion of invisibility
 F - a potion of flight
 J - 4 potions of heal wounds
Comestibles
 f - 12 bread rations
 j - 2 royal jellies
 k - 8 meat rations
 m - 9 slices of pizza
 q - 2 beef jerkies
 O - a fruit


   Skills:
 - Level 10.0 Fighting
 + Level 12.9 Axes
 - Level 11.0 Armour
 - Level 0.2 Dodging
 - Level 3.5 Shields


You had 10 spell levels left.
You didn't know any spells.

Dungeon Overview and Level Annotations

Branches:
Dungeon (10/15)            Temple (1/1) D:4            Lair (1/8) D:10
    Orc: D:9-12

Altars:
Ashenzari
Cheibriados
Dithmenos
Elyvilon
Fedhas
Gozag
Kikubaaqudgha
Makhleb
Nemelex Xobeh
Okawaru
Qazlal
Ru
Sif Muna
Trog
Vehumet
Xom
Yredelemnul
Zin
The Shining One

Shops:
D:6 *   D:10 =


Innate Abilities, Weirdness & Mutations

You are resistant to damage.
You can recharge devices by infusing magical energy.
You passively map the area around you.
You do not regenerate naturally.


Message History

Blink to where?
Press: ? - help, Dir - move target cursor You are very lightly contaminated with residual magic.
As you read the scroll of blinking, it crumbles to dust.
The nine-headed hydra seems less drained.
There is a stone staircase leading down here.
There is a staircase back to the Dungeon here.
Your plate armour prevents you from hitting the river rat.
The river rat bites you.
* * * LOW HITPOINT WARNING * * *
You block the river rat's attack.
You block the nine-headed hydra's attack.
The nine-headed hydra bites you but does no damage.
The nine-headed hydra bites you.
* * * LOW HITPOINT WARNING * * *
The nine-headed hydra bites you but does no damage. x2
The nine-headed hydra bites you!
* * * LOW HITPOINT WARNING * * *
The nine-headed hydra bites you!
You die...

.+###+............###.P#.#.......
......P...#####P..........(......
........##* ##.................
....?.#..# #.........##..###.
#....##.### #.###≈#.#.+.....#.
....>...#.######.P#≈≈≈≈≈.........
r......>.........≈≈≈≈≈≈≈.≈.......
#.#..............≈≈≈≈≈≈≈.≈.......
###.........rr.r@≈≈≈≈≈≈≈.≈.....#.
#..†.........D.≈≈≈≈≈≈≈.≈≈≈≈.##.
#......##.##...≈≈≈≈≈≈≈.........
#..........≈...................
#......#...≈.............≈≈..≈#
#......#...≈......≈≈≈≈≈..≈..... #
#..........≈......≈≈≈≈≈..≈.....
###..........≈......≈≈≈≈≈..≈.....
.........#...≈......≈≈≈≈≈..≈≈≈≈≈≈


You could see a nine-headed hydra and 3 river rats.

Vanquished Creatures
  Pikel (D:7)
  A hill giant (D:10)
  2 manticores
  A guardian serpent (D:10)
  Joseph (D:8)
  An efreet (D:10)
  4 trolls (D:9)
  A merfolk (D:9)
  2 two-headed ogres (D:9)
  A slime creature (D:10)
  Sigmund (D:2)
  4 hippogriffs
  5 yaks
  3 wyverns
  2 hungry ghosts
  2 sky beasts (D:9)
  5 orc warriors
  A phantom (D:5)
  2 wasps
  8 black bears
  A slave (D:7)
  2 eyes of draining
  4 ice beasts
  3 ogres
  7 centaurs
  A big kobold (D:9)
  2 giant frogs
  A gnoll sergeant (D:9)
  3 scorpions
  4 electric eels (D:9)
  7 wights
  A centaur zombie (D:5)
  4 crimson imps
  8 orc priests
  A giant frog zombie (D:10)
  3 hounds
  12 orc wizards
  3 jellies
  5 giant frog skeletons
  2 gnoll shamans
  4 iguanas
  6 worker ants
  15 sheep
  3 hound skeletons
  A river rat (Lair:1)
  12 adders
  3 gnolls (D:10)
  4 shadow imps
  2 worms (D:2)
  3 adder skeletons
  7 giant geckos
  36 orcs
  A ball python (D:4)
  16 hobgoblins
  5 kobolds
  A ball python skeleton (D:4)
  3 bats
  5 giant cockroaches
  3 giant newts
  12 goblins
  A jackal skeleton (D:4)
  4 quokkas
  A quokka skeleton (D:4)
  7 rats
  A plant (D:10)
278 creatures vanquished.

Vanquished Creatures (others)
  A worker ant (D:10)
  A centaur skeleton (D:10)
  4 fungi (D:5)
  4 plants (D:9)
10 creatures vanquished.

Grand Total: 288 creatures vanquished

Notes
Turn   | Place    | Note
--------------------------------------------------------------
     0 | D:1      | HolyRage the Deep Dwarf Fighter began the quest for the Orb.
     0 | D:1      | Reached XP level 1. HP: 20/20 MP: 1/1
   480 | D:1      | Reached XP level 2. HP: 27/27 MP: 2/2
   976 | D:2      | Found a faded altar to an unknown god.
  1166 | D:2      | Reached XP level 3. HP: 23/33 MP: 3/3
  1206 | D:2      | Noticed Sigmund
  1584 | D:2      | Reached skill level 4 in Axes
  1629 | D:2      | Killed Sigmund
  1629 | D:2      | Reached skill level 6 in Axes
  1629 | D:2      | Reached XP level 4. HP: 30/40 MP: 3/3
  1629 | D:2      | Reached XP level 5. HP: 36/48 MP: 4/4
  1738 | D:2      | Found a shadowy altar of Dithmenos.
  2300 | D:4      | Reached XP level 6. HP: 35/55 MP: 5/5
  2446 | D:4      | Got a crystal battleaxe
  2470 | D:4      | Reached skill level 7 in Axes
  2488 | D:4      | Identified the +4 battleaxe of Peril {drain, rPois} (You found it on level 4 of the Dungeon)
  2514 | D:4      | Found a staircase to the Ecumenical Temple.
  2535 | Temple   | Entered the Ecumenical Temple
  2638 | Temple   | Became a worshipper of Makhleb the Destroyer
  3202 | D:5      | Entered Level 5 of the Dungeon
  3221 | D:5      | Reached skill level 8 in Axes
  3222 | D:5      | Reached XP level 7. HP: 42/61 MP: 6/6
  3587 | D:5      | Reached * piety under Makhleb
  3709 | D:5      | Found a blossoming altar of Fedhas.
  3799 | D:5      | Reached skill level 9 in Axes
  3872 | D:5      | Got a glittering turquoise ring
  3875 | D:5      | Identified the ring "Wix Osm" {rF+ rC+ MR+ MP+9 Str-3 SInv} (You found it on level 5 of the Dungeon)
  4489 | D:6      | Reached skill level 10 in Axes
  4557 | D:6      | Reached XP level 8. HP: 55/68 MP: 7/7
  4680 | D:6      | Found Zamp's Assorted Antiques.
  4698 | D:6      | You fall through a shaft for 2 floors!
  4707 | D:8      | Reached ** piety under Makhleb
  4760 | D:8      | Reached skill level 5 in Armour
  5157 | D:8      | Noticed Joseph
  5171 | D:8      | Killed Joseph
  5261 | D:8      | Gained mutation: You passively map the area around you. [Deep Dwarf growth]
  5261 | D:8      | Reached XP level 9. HP: 67/74 MP: 8/8
  5317 | D:8      | Found a blossoming altar of Fedhas.
  5538 | D:7      | Noticed Pikel
  5552 | D:7      | Killed Pikel
  5552 | D:7      | Reached skill level 10 in Armour
  5779 | D:7      | Reached skill level 11 in Armour
  5960 | D:7      | Reached *** piety under Makhleb
  6341 | D:6      | Reached skill level 5 in Fighting
  6824 | D:9      | Reached XP level 10. HP: 65/91 MP: 9/9
  6924 | D:9      | Reached **** piety under Makhleb
  7303 | D:9      | Noticed a manticore
  7329 | D:9      | Killed a manticore
  7664 | D:9      | Found a deep blue altar of Sif Muna.
  8086 | D:9      | Reached skill level 10 in Fighting
  8192 | D:9      | Reached ***** piety under Makhleb
  8202 | D:9      | Reached XP level 11. HP: 74/108 MP: 10/10
  8540 | D:10     | Entered Level 10 of the Dungeon
  8542 | D:10     | Noticed a hill giant
  8665 | D:10     | Killed a hill giant
  8814 | D:10     | Reached skill level 12 in Axes
  9113 | D:10     | Found a staircase to the Lair.
  9419 | D:10     | Found Zeaq's Jewellery Emporium.
  9550 | Lair:1   | Entered Level 1 of the Lair of Beasts
 10006 | Lair:1   | Noticed an eight-headed hydra
 10031 | Lair:1   | HP: 2/108 [river rat (5)]
 10069 | Lair:1   | Slain by a nine-headed hydra

Action                   |  1- 3 |  4- 6 |  7- 9 | 10-12 || total
-------------------------+-------+-------+-------+-------++-------
Melee: War axe           |   124 |    77 |       |       ||   201
       Battleaxe         |       |    52 |   289 |   321 ||   662
       Morningstar       |       |       |       |     1 ||     1
Throw: Stone             |     4 |       |    16 |       ||    20
Invok: Minor Destruction |       |       |       |     2 ||     2
 Abil: Device Recharging |     1 |       |       |     1 ||     2
Evoke: Wand              |     1 |     3 |     1 |    11 ||    16
  Use: Scroll            |     2 |     7 |     5 |    12 ||    26
       Potion            |     1 |       |     1 |     1 ||     3
  Eat: Chunk             |     2 |     5 |    17 |    12 ||    36
       Pizza             |       |       |     1 |       ||     1
